 Dungeon Crawl Stone Soup version 0.29.1-2-gbd0b4ee654 (webtiles) character file.

Game seed: 6071767287635529949

133 AlexRAT the Conjurer (level 5, -16/36 HPs)
             Began as a Human Conjurer on Oct 26, 2022.
             Was an Initiate of Ashenzari.
             Demolished by an ogre
             ... wielding a +0 giant club
              (24 damage)
             ... on level 4 of the Dungeon.
             The game lasted 00:09:35 (3557 turns).

AlexRAT the Conjurer (Human Conjurer)               Turns: 3557, Time: 00:09:37

Health: -16/36     AC:  3    Str:  8    XL:     5   Next: 40%
Magic:  3/9        EV: 12    Int: 20    God:    Ashenzari [......]
Gold:   102        SH:  0    Dex: 11    Spells: 9/10 levels left

rFire   . . .      SeeInvis .   q - +1 dagger "Bound With Me" {chaos, Comp, Alch} (curse)
rCold   . . .      Faith    .   (no shield)
rNeg    . . .      Spirit   .   a - +0 robe
rPois   .          Reflect  .   (no helmet)
rElec   .          Harm     .   (no cloak)
rCorr   .          Rampage  .   o - +0 pair of gloves
Will    .....                   (no boots)
Stlth   ++........              (no amulet)
HPRegen 0.12/turn               (no ring)
MPRegen 0.11/turn               (no ring)

@: no status effects
A: no striking features
a: Renounce Religion, Shatter the Chains


You were on level 4 of the Dungeon.
You worshipped Ashenzari.
Ashenzari was noncommittal.
You visited 1 branch of the dungeon, and saw 4 of its levels.

You collected 102 gold pieces.

Inventory:

Hand Weapons
 d - a +0 spear
 q - the cursed +1 dagger "Bound With Me" (weapon) {chaos, Comp, Alch}
   (You took it off a goblin on level 3 of the Dungeon)

   Each time it hits an enemy it has a different, random effect.
   It has a curse which improves the following skills: Companions: Summonings
   and Necromancy.
   Alchemy:   Poison Magic and Transmutations.
Missiles
 i - 2 atropa-tipped darts
 r - 4 poisoned darts
 u - a throwing net
Armour
 a - a +0 robe (worn)
 o - a +0 pair of gloves (worn)
Magical Staves
 f - a staff of poison
Scrolls
 c - a scroll of teleportation {unknown}
 g - 2 scrolls of enchant weapon
 k - a scroll of noise
 m - 2 scrolls of identify {unknown}
 s - a scroll of magic mapping {unknown}
 w - a scroll of enchant armour {unknown}
 x - a scroll of amnesia {unknown}
Potions
 b - a potion of magic
 e - a potion of flight {unknown}
 h - 2 potions of mutation {unknown}
 j - a potion of heal wounds {unknown}
 n - a potion of resistance {unknown}
 p - 2 potions of curing {unknown}
 v - a potion of lignification {unknown}


   Skills:
 - Level 0.9 Fighting
 - Level 0.6 Short Blades
 - Level 0.3 Polearms
 + Level 2.4 Dodging
 + Level 2.2 Stealth
 + Level 3.1 Spellcasting
 + Level 5.0 Conjurations


You had 9 spell levels left.
You knew the following spells:

 Your Spells              Type           Power      Damage    Failure   Level
a - Magic Dart            Conj           92%        1d7       1%          1

Your spell library contained the following spells:

 Spells                   Type           Power      Damage    Failure   Level
 Searing Ray              Conj           46%        2d6       2%          2
 Conjure Flame            Conj/Fire      13%        6-21      16%         3
 Dazzling Flash           Conj/Hex       26%        N/A       16%         3
 Ignite Poison            Fire/Tmut/Pois 3%         N/A       38%         3
 Fulminant Prism          Conj/Hex       6%         3d7       45%         4
 Iskenderun's Mystic Bla  Conj/Tloc      13%        2d5       45%         4
 Sticky Flame             Conj/Fire      13%        2d4       45%         4


Dungeon Overview and Level Annotations

Branches:
Dungeon (4/15)
 Temple: D:4-7

Altars:
Ashenzari

Shops:
D:1 (

Portals:
Ossuary: D:4


Message History

The magic dart hits the ogre.
The ogre is lightly wounded.
The ogre barely misses you. The ogre attacks as you move away!
The ogre barely misses you.
Casting: Magic Dart (safe; 1% risk of failure)
Confirm with . or Enter, or press ? or * to list all spells.
Aiming: Magic Dart (safe; 1% risk of failure)
Press: ? - help, Shift-Dir - straight line, f/p - hound
Aim: a hound (almost dead, 100% to hit)
The magic dart hits the ogre.
The ogre is lightly wounded.
Casting: Magic Dart (safe; 1% risk of failure)
Confirm with . or Enter, or press ? or * to list all spells.
Aiming: Magic Dart (safe; 1% risk of failure)
Press: ? - help, Shift-Dir - straight line, f/p - hound
Aim: a hound (almost dead, 100% to hit)
The magic dart hits the ogre.
The ogre is heavily wounded.
The ogre barely misses you.
Found a stone staircase leading down.
Found a leather armour.
The ogre attacks as you move away! The ogre barely misses you.
A dart slug comes into view.
Casting: Magic Dart (safe; 1% risk of failure)
Confirm with . or Enter, or press ? or * to list all spells.
Aiming: Magic Dart (safe; 1% risk of failure)
Press: ? - help, Shift-Dir - straight line, f/p - hound
Aim: a hound (severely wounded, 100% to hit)
The magic dart hits the ogre but does no damage.
The ogre is moderately wounded.
Casting: Magic Dart (safe; 1% risk of failure)
Confirm with . or Enter, or press ? or * to list all spells.
Aiming: Magic Dart (safe; 1% risk of failure)
Press: ? - help, Shift-Dir - straight line, f/p - hound
Aim: a hound (severely wounded, 100% to hit)
The magic dart hits the ogre.
The ogre is heavily wounded.
The ogre hits you with a +0 giant club!!
Ouch! That really hurt!
You die...

#.##....####...#
#......).....#
###...##..##.....
#..#.....# ### #.
#...#.###
#....#.....#
#?.####.##.$..#
#. #.#
###.########## #.
#.#
#..@Oh...[.####..
. #.##
#########........
#..##
#hO.>##.####
##..########.####
w# #
##..........# ##
##..######## #.
#...# #. ###.#.##
#. #.<.#..# # ##.


You could see an ogre and a hound.

Vanquished Creatures
  4 gnolls (D:3)
  4 worms
  2 dart slugs
  6 bats
  10 endoplasms
  2 giant cockroaches
  7 goblins
  7 hobgoblins
  3 quokkas
  6 ball pythons
  16 frilled lizards
  4 kobolds
  9 rats
80 creatures vanquished.

Vanquished Creatures (others)
  A plant (D:4)
1 creature vanquished.

Grand Total: 81 creatures vanquished

Notes
Turn   | Place    | Note
-------+----------+-------------------------------------------
     0 | D:1      | AlexRAT the Human Conjurer began the quest for the Orb.
     0 | D:1      | Reached XP level 1. HP: 13/13 MP: 3/3
   104 | D:1      | Found Capsuroz's Weapon Boutique.
   265 | D:1      | Reached XP level 2. HP: 19/19 MP: 0/5
   636 | D:1      | Reached XP level 3. HP: 24/24 MP: 1/6
  1033 | D:1      | Found a faded altar of an unknown god.
  1036 | D:1      | Prayed at the altar of an unknown god.
  1036 | D:1      | Became a worshipper of Ashenzari the Shackled
  1471 | D:2      | Reached XP level 4. HP: 25/31 MP: 0/8
  2919 | D:3      | Reached XP level 5. HP: 31/36 MP: 2/9
  2923 | D:3      | Reached skill level 5 in Conjurations
  3515 | D:4      | Found a sand-covered staircase.
  3515 | D:4      | Noticed an ogre
  3557 | D:4      | Demolished by an ogre

Illustrated notes

Levels and vault maps discovered:
D:1:      saegor_arrival_under_anarchy, layout_rooms, serial_shops,
          nicolae_shop_hallway_stairs, hellmonk_ecumenical_altar_inner_sanctum,
          minmay_split_cup_small
D:2:      layout_rooms, minmay_lizard_pond
D:3:      layout_basic
D:4:      layout_rooms, minmay_temple_entry_gardened_gates, enter_ossuary_1,
          nicolae_shop_dragon_depot

Skill      XL: |  1  2  3  4  5 |
---------------+----------------+-----
Spellcasting   | 3 |  3.1
Conjurations   | 5 |  5.0
Fighting       | |  0.9
Short Blades   | |  0.6
Polearms       | |  0.3
Dodging        | |  2.4
Stealth        | |  2.2

Action                   |  1- 3 |  4- 6 || total
-------------------------+-------+-------++-------
Melee: Dagger            |    18 |    36 ||    54
       Spear             |       |     9 ||     9
 Cast: Magic Dart        |    72 |    87 ||   159
Invok: Curse Item        |     1 |     1 ||     2
       Shatter the Chain |       |     1 ||     1
  Use: Scroll            |       |     6 ||     6
 Stab: Sleeping          |     1 |       ||     1
Armor: Robe              |     7 |    13 ||    20
Dodge: Dodged            |    19 |    36 ||    55
